 Dungeon Crawl Stone Soup version 0.29.1-1-gd02db6906a (webtiles) character file.

Game seed: 3314643516670431198

1158 GigaChad the Fighter (level 8, -1/81 HPs)
             Began as a Minotaur Fighter on Sept 19, 2022.
             Was a Priest of Fedhas.
             Slain by an ogre
             ... wielding a +0 giant club
              (16 damage)
             ... on level 6 of the Dungeon.
             The game lasted 00:13:33 (4582 turns).

GigaChad the Fighter (Minotaur Fighter)             Turns: 4582, Time: 00:13:33

Health: -1/81      AC: 20    Str: 22    XL:     8   Next: 16%
Magic:  0/7        EV:  6    Int:  5    God:    Fedhas [***...]
Gold:   264        SH:  4    Dex: 11    Spells: 7/7 levels left

rFire   + + +      SeeInvis +   a - +2 long sword
rCold   + . .      Faith    .   c - +0 buckler
rNeg    . . .      Spirit   +   o - +0 plate armour
rPois   .          Reflect  .   (helmet restricted)
rElec   .          Harm     .   (no cloak)
rCorr   .          Rampage  .   e - +3 pair of gloves "Arphumae" {Contam rF+++ rC+ SInv}
Will    .....                   (no boots)
Stlth   ..........              h - amulet of guardian spirit
HPRegen 0.23/turn               v - +4 ring of protection
MPRegen 0.10/turn               (no ring)

@: no status effects
A: horns 2, retaliatory headbutt
a: Renounce Religion, Wall of Briars, Grow Ballistomycete


You were on level 6 of the Dungeon.
You worshipped Fedhas.
Fedhas was most pleased with you.
You visited 2 branches of the dungeon, and saw 7 of its levels.

You collected 264 gold pieces.

Inventory:

Hand Weapons
 a - a +2 long sword (weapon)
 y - a +0 great sword
 z - a +2 quarterstaff of speed
Armour
 b - a +0 scale mail
 c - a +0 buckler (worn)
 e - the +3 pair of gloves "Arphumae" (worn) {Contam rF+++ rC+ SInv}
   (You acquired it on level 1 of the Dungeon)

   rF:        It renders you almost immune to fire.
   rC:        It protects you from cold.
   SInv:      It lets you see invisible.
   Contam:    It causes magical contamination when unequipped.
 o - a +0 plate armour (worn)
 p - the +3 leather armour of the Centipede {rC+}
   (You found it on level 2 of the Dungeon)

   rC:        It protects you from cold.
Jewellery
 g - a ring of fire
 h - an amulet of guardian spirit (around neck)
 i - an amulet of the acrobat
 v - a +4 ring of protection (left hand)
Wands
 t - a wand of roots (3)
 w - a wand of flame (22)
Scrolls
 j - a scroll of immolation
 l - 3 scrolls of identify
 m - 2 scrolls of magic mapping {unknown}
 n - 2 scrolls of torment {unknown}
 r - a scroll of poison
 A - a scroll of enchant weapon
 B - a scroll of brand weapon {unknown}
Potions
 d - a potion of might
 f - 3 potions of heal wounds {unknown}
 k - 2 potions of curing {unknown}
 q - 2 potions of resistance {unknown}
 s - 3 potions of flight {unknown}
 x - a potion of lignification {unknown}


   Skills:
 - Level 10.9 Fighting
 - Level 3.9 Long Blades
 - Level 4.6 Armour
 + Level 2.5 Dodging
 - Level 3.7 Shields


You had 7 spell levels left.
You didn't know any spells.
Your spell library contained the following spells:

 Spells                   Type           Power      Damage    Failure   Level
 Ensorcelled Hibernation  Hex/Ice        0%         N/A       100%        2
 Passwall                 Tmut/Erth      0%         N/A       100%        2
 Confusing Touch          Hex            0%         N/A       100%        3
 Swiftness                Air            0%         N/A       100%        3
 Yara's Violent Unravell  Hex/Tmut       0%         3d3       100%        5
 Enfeeble                 Hex            0%         N/A       100%        7


Dungeon Overview and Level Annotations

Branches:
Dungeon (6/15)             Temple (1/1) D:5

Altars:
Ashenzari
Dithmenos
Elyvilon
Fedhas
Gozag
Kikubaaqudgha
Makhleb
Nemelex Xobeh
Okawaru
Ru
Sif Muna
Uskayaw
Vehumet
Wu Jian
Xom
Yredelemnul
Zin
The Shining One

Shops:
D:2 (


Innate Abilities, Weirdness & Mutations

You have a pair of horns on your head.
You reflexively headbutt those who attack you in melee.


Message History

The puff of flame hits you but does no damage.
The orc warrior hits you with a +0 battleaxe of electrocution!
The orc hits you but does no damage.
You closely miss the orc wizard. The orc hits you with a +0 whip.
The orc wizard hits you but does no damage.
The orc warrior hits you with a +0 battleaxe of electrocution!
The orc wizard barely misses you. You furiously retaliate!
You headbutt the orc wizard. The orc closely misses you.
You furiously retaliate!
You headbutt the orc.
The orc wizard hits you but does no damage.
You block the orc warrior's attack.
The orc wizard hits you but does no damage.
As you read the scroll of teleportation, it crumbles to dust.
You feel strangely unstable.
The orc wizard gestures at you while chanting.
You resist with some effort.
The orc wizard hits you but does no damage.
The orc hits you with a +0 whip.
The orc warrior hits you with a +0 battleaxe of electrocution!
* * * LOW HITPOINT WARNING * * *
The orc attacks as you move away! The orc hits you but does no damage.
The orc wizard points at you and mumbles some strange words.
You resist with some effort. The orc warrior completely misses you.
The orc wizard gestures at you while chanting.
The puff of flame hits you. You resist.
* * * LOW HITPOINT WARNING * * *
The orc warrior attacks as you move away!
The orc warrior hits you but does no damage.
Your surroundings suddenly seem different.
An ogre comes into view. It is wielding a +0 giant club.
Found 2 scrolls of identify.
The ogre shouts!
You hit the ogre. You headbutt the ogre.
The ogre is lightly wounded.
The ogre hits you but does no damage.
You hit the ogre.
The ogre is moderately wounded.
The ogre hits you with a +0 giant club!
You die...
Fedhas appreciates your contribution to the ecosystem. # #...########### #.?..@O...... #############

You could see an ogre.

Vanquished Creatures
  Sigmund (D:4)
  A black bear (D:5)
  An orc warrior (D:5)
  2 ogres (D:5)
  A phantom (D:4)
  2 hounds (D:5)
  An orc priest (D:4)
  A gnoll bouda (D:5)
  4 iguanas
  3 orc wizards
  6 adders
  13 gnolls
  A shadow imp (D:5)
  2 ufetubi (D:5)
  3 dart slugs
  11 orcs
  10 ball pythons
  3 endoplasms
  A giant cockroach (D:2)
  3 goblins
  8 hobgoblins
  2 jackals (D:4)
  3 quokkas
  5 bats
  2 frilled lizards (D:2)
  5 kobolds
  7 rats
102 creatures vanquished.

Vanquished Creatures (others)
  An orc (D:4)
  15 fungi (D:5)
  5 plants (D:5)
21 creatures vanquished.

Grand Total: 123 creatures vanquished

Notes
Turn   | Place    | Note
-------+----------+-------------------------------------------
     0 | D:1      | GigaChad the Minotaur Fighter began the quest for the Orb.
     0 | D:1      | Reached XP level 1. HP: 19/19 MP: 0/0
    38 | D:1      | Identified a scroll of acquirement
    38 | D:1      | Acquired the +3 pair of gloves "Arphumae" {Contam rF+++ rC+
                  | SInv}
   228 | D:1      | Reached XP level 2. HP: 19/27 MP: 1/1
   528 | D:1      | Found a faded altar of an unknown god.
   541 | D:1      | Prayed at the altar of an unknown god.
   541 | D:1      | Became a worshipper of Fedhas Madash
   541 | D:1      | Reached * piety under Fedhas
   930 | D:2      | Reached XP level 3. HP: 33/33 MP: 2/2
  1302 | D:2      | Reached ** piety under Fedhas
  1306 | D:2      | Found Daemofio's Weapon Emporium.
  1312 | D:2      | Identified the +3 leather armour of the Centipede {rC+}
  1507 | D:2      | Reached skill level 4 in Fighting
  2090 | D:3      | Reached XP level 4. HP: 40/40 MP: 3/3
  2299 | D:4      | Noticed Sigmund
  2308 | D:4      | Killed Sigmund
  2309 | D:4      | Reached skill level 6 in Fighting
  2309 | D:4      | Reached XP level 5. HP: 51/51 MP: 4/4
  2309 | D:4      | Reached XP level 6. HP: 58/58 MP: 5/5
  2342 | D:4      | Reached skill level 7 in Fighting
  2803 | D:5      | Entered Level 5 of the Dungeon
  2825 | D:5      | Reached skill level 8 in Fighting
  2852 | D:5      | Reached *** piety under Fedhas
  3006 | D:5      | Reached XP level 7. HP: 64/69 MP: 4/6
  3446 | D:5      | Found a staircase to the Ecumenical Temple.
  3451 | D:5      | Found an iron altar of Okawaru.
  3457 | Temple   | Entered the Ecumenical Temple
  3558 | D:5      | Reached skill level 9 in Fighting
  3898 | D:5      | Reached skill level 10 in Fighting
  4052 | D:5      | Found a sacrificial altar of Ru.
  4228 | D:5      | Reached XP level 8. HP: 69/81 MP: 4/7
  4311 | D:5      | Reached skill level 1 in Dodging
  4582 | D:6      | Slain by an ogre

Illustrated notes

Levels and vault maps discovered:
D:1:      evilmike_arrival_plus, layout_basic,
          shapermc_ecumenical_altar_pompeii, minmay_misc_feat_x,
          minmay_tiny_reverse_x
D:2:      layout_loops_cross, serial_shops, shop, minmay_tromino_v7
D:3:      wad_pebble_path, layout_loops_ring
D:4:      layout_loops_ring, minmay_misc_feat_hallway, uniq_blork_the_orc,
          uniq_sigmund
D:5:      layout_basic, nicolae_ru_the_path_less_chosen,
          okawaru_metal_pillars_1_2, minmay_temple_entry_butterflies,
          serial_glass, glass_columns_a, glass_columns_c,
          minmay_strange_pillars, due_unseen_surprise,
          dreamdust_mushroom_princess, kennysheep_crisscross, minmay_checkerbox
D:6:      layout_basic, tgw_trog, gammafunk_ghost_arena, skrybe_limestone_x,
          item_on_display_a
Temple:   lightli_temple_of_artemis

Skill      XL: |  1  2  3  4  5  6  7  8 |
---------------+-------------------------+-----
Armour         | 4 |  4.6
Long Blades    | 3 |  3.9
Fighting       | 4 6 8 10 | 10.9
Dodging        | 2 |  2.5
Shields        | |  3.7

Action                   |  1- 3 |  4- 6 |  7- 9 || total
-------------------------+-------+-------+-------++-------
Melee: Long sword        |    97 |    81 |   115 ||   293
       Headbutt          |     8 |    18 |    18 ||    44
  Use: Scroll            |     5 |     3 |     2 ||    10
Armor: Scale mail        |    34 |       |       ||    34
       Plate armour      |    25 |    59 |   119 ||   203
Dodge: Dodged            |    40 |    31 |    64 ||   135
Block: Buckler           |    18 |    16 |    25 ||    59
